[Event "Titled Tuesday Blitz May 24 Late 2022"]
[White "Skytte, Rasmus"]
[Black "Vivas Zamora, Fabian Ernesto"]
[WhiteFideId "1404210"]
[BlackFideId "3902480"]
[WhiteElo "2430"]
[BlackElo "1987"]
[Result "1-0"]
[Round "07"]
[TimeControl "180+1"]
[Date "2022.05.25"]
[WhiteClock "0:00:45"]
[BlackClock "0:00:01"]

1. d4 Nf6 2. c4 g6 3. Nc3 d5 4. Bf4 Bg7 5. e3 c5 6. dxc5 Qa5 7. Rc1 dxc4 8. Bxc4 O-O 9. Nf3 Qxc5 10. Bb3 Nc6 11. O-O Rd8 12. Qe2 Qa5 13. h3 h6 14. e4 Nh5 15. Be3 e5 16. Nd5 Be6 17. Rfd1 Rac8 18. Rxc6 bxc6 19. Ne7+ Kh7 20. Bxe6 Rxd1+ 21. Qxd1 Rd8 22. Bd7 Qc7 23. Nxc6 Rxd7 24. Qa4 Nf4 25. Bxf4 exf4 26. e5 Rd5 27. b4 Qd7 28. b5 Rd1+ 29. Kh2 g5 30. Qe4+ Kh8 31. a4 Qd3 32. Qxd3 Rxd3 33. Nxa7 Ra3 34. b6 Rxa4 35. Nc6 Ra2 36. b7 Rb2 37. b8=Q+ Rxb8 38. Nxb8 Kh7 39. Nc6 Kg6 40. Ne7+ Kh5 41. g4+ fxg3+ 42. fxg3 1-0


[Site "https://www.chess.com"]

[Event "Titled Tuesday Blitz May 24 Late 2022"]
[White "Stanisz, Patryk"]
[Black "Remolar Gallen, Jose"]
[WhiteFideId "1123106"]
[BlackFideId "2215187"]
[WhiteElo "1833"]
[BlackElo "2205"]
[Result "1-0"]
[Round "07"]
[TimeControl "180+1"]
[Date "2022.05.25"]
[WhiteClock "0:02:09"]
[BlackClock "0:01:20"]

1. d4 d5 2. c4 c6 3. Nc3 Nf6 4. Nf3 e6 5. e3 Nbd7 6. Qc2 Be7 7. Bd2 O-O 8. Rd1 h6 9. h3 Qc7 10. a3 e5 11. cxd5 cxd5 12. dxe5 Nxe5 13. Be2 Ne4 14. Rc1 Nxd2 15. Qxd2 Qa5 16. Nxe5 d4 17. exd4 1-0


[Site "https://www.chess.com"]

[Event "Titled Tuesday Blitz May 24 Late 2022"]
[White "Stevens, Christian"]
[Black "Bonte, Andrei-Mihai"]
[WhiteFideId "2604450"]
[BlackFideId "1210297"]
[WhiteElo "2547"]
[BlackElo "2192"]
[Result "1/2-1/2"]
[Round "07"]
[TimeControl "180+1"]
[Date "2022.05.25"]
[WhiteClock "0:00:16"]
[BlackClock "0:00:17"]

1. Nf3 c6 2. c4 d5 3. e3 Nf6 4. Nc3 Bg4 5. Qb3 Qb6 6. cxd5 Qxb3 7. axb3 Nxd5 8. Nxd5 cxd5 9. Ne5 Bd7 10. Nxd7 Kxd7 11. d4 e6 12. Bd2 Nc6 13. Bb5 Bd6 14. Ke2 a6 15. Bd3 g6 16. Rhc1 h5 17. Ra4 Bxh2 18. g3 h4 19. Kf3 hxg3 20. fxg3 f5 21. Kg2 Rh7 22. Rh1 Rah8 23. b4 Rh3 24. Be1 Na7 25. Bf1 g5 26. Kf3 g4+ 27. Kg2 Nb5 28. Bxb5+ axb5 29. Ra3 R3h7 30. Rc3 Rh3 31. Rc5 Bxg3 32. Bxg3 Rxh1 33. Rc7+ Kd8 34. Rxb7 Rb1 35. Rb8+ Kd7 36. Rxh8 Rxb2+ 37. Bf2 Rxb4 38. Kg3 Rb2 39. Ra8 b4 40. Ra6 b3 41. Rb6 Kc7 42. Rb4 Kc6 43. Kg2 Kc7 44. Kf1 Kc6 45. Bg3 Rb1+ 46. Ke2 b2 47. Be1 g3 48. Bxg3 Rg1 49. Rxb2 Rxg3 50. Kf2 Rg4 51. Kf3 Kd6 52. Rb8 Ke7 53. Rh8 Kf7 54. Rh6 Rg6 55. Rh1 Rg7 56. Kf4 Kf6 57. Rh6+ Rg6 58. Rh8 Rg4+ 59. Kf3 Re4 60. Rh6+ Kg5 61. Rh8 f4 62. Rg8+ Kh6 63. exf4 Rxd4 64. Re8 Re4 65. Kg4 Kg6 66. Kf3 Kf6 67. Rf8+ Ke7 68. Ra8 Kd6 69. Ra6+ Ke7 70. Ra7+ Kf6 71. Ra8 Rb4 72. Rf8+ Ke7 73. Ra8 Rb3+ 74. Kg4 Rb1 75. Kf3 Rh1 76. Kg4 Rg1+ 77. Kf3 Rf1+ 78. Ke3 Re1+ 79. Kf3 Rf1+ 80. Ke3 Kf6 81. Rf8+ Kg6 82. Ra8 Kf5 83. Rf8+ Kg6 84. Re8 Kf7 85. Ra8 Rh1 86. Kf3 Rh3+ 87. Kg4 Rb3 88. Kg5 Rg3+ 89. Kh4 Rg1 90. Kh3 Kf6 91. Kh2 Rg7 92. Rf8+ Kg6 93. Kg3 Rf7 94. Ra8 Kf6 95. Kg4 Rh7 96. Rf8+ Rf7 97. Ra8 Ke7 98. Ra7+ Kf8 99. Ra8+ Kg7 100. Re8 d4 101. Rxe6 Rd7 102. Re1 d3 103. Rd1 d2 104. Kf5 Kf7 105. Ke5 Rd8 106. Ke4 Rd7 107. Ke3 Kf6 108. Rxd2 Rxd2 109. Kxd2 Kf5 110. Ke3 Kf6 111. Ke4 Ke6 112. Ke3 Kf6 113. Kf3 Kf5 114. Kg3 Kf6 115. Kg4 Kg6 116. f5+ Kf6 117. Kf4 Kf7 118. Ke5 Ke7 119. f6+ Kf7 120. Kf5 Kf8 121. Kg6 Kg8 122. Kf5 Kf7 123. Ke5 Kf8 124. Ke6 Ke8 125. Kf5 Kf7 126. Kg5 Kf8 127. Kg6 Kg8 128. Kh5 Kf7 129. Kg5 Kf8 130. Kf5 Kf7 1/2-1/2


[Site "https://www.chess.com"]

[Event "Titled Tuesday Blitz May 24 Late 2022"]
[White "Svane, Rasmus"]
[Black "Riff, Vincent"]
[WhiteFideId "4657101"]
[BlackFideId "617776"]
[WhiteElo "2674"]
[BlackElo "2377"]
[Result "1-0"]
[Round "07"]
[TimeControl "180+1"]
[Date "2022.05.24"]
[WhiteClock "0:00:07"]
[BlackClock "0:00:06"]

1. Nf3 Nf6 2. g3 g6 3. Bg2 Bg7 4. O-O O-O 5. d4 d6 6. Re1 c6 7. e4 Bg4 8. Nc3 Nbd7 9. h3 Bxf3 10. Bxf3 e5 11. Be3 exd4 12. Bxd4 Ne5 13. Bg2 Qc7 14. f4 Nc4 15. b3 Nb6 16. Qd3 Rad8 17. Rad1 Rfe8 18. Kh2 a6 19. Nb1 c5 20. Bb2 c4 21. Qd2 cxb3 22. axb3 d5 23. e5 Ne4 24. Qe2 h5 25. c4 h4 26. gxh4 Bh6 27. Qf3 f5 28. Nc3 Nxc3 29. Bxc3 dxc4 30. Ba5 Rd3 31. Rxd3 cxd3 32. Rd1 Qc5 33. Be1 Qd4 34. Bg3 d2 35. h5 Rc8 36. hxg6 Rc1 37. Qxb7 Qd7 38. Qxd7 Nxd7 39. Rxd2 Nc5 40. Rd6 Rc2 41. Kg1 Rc3 42. Kh2 Rc2 43. Rf6 Nd3 44. Rxf5 Kg7 45. Rf6 Re2 46. h4 Re3 47. h5 Re2 48. Rf7+ Kg8 49. Kh3 Re3 50. Kg4 Bg7 51. Bd5 Nb4 52. Bc4 Nd3 53. Rd7+ Kf8 54. Rd8+ Ke7 55. Bh4+ 1-0


[Site "https://www.chess.com"]

[Event "Titled Tuesday Blitz May 24 Late 2022"]
[White "Taboas Rodriguez, Daniel"]
[Black "Mickiewicz, Piotr"]
[WhiteFideId "2208466"]
[BlackFideId "1114891"]
[WhiteElo "2429"]
[BlackElo "2223"]
[Result "1-0"]
[Round "07"]
[TimeControl "180+1"]
[Date "2022.05.25"]
[WhiteClock "0:00:41"]
[BlackClock "0:00:07"]

1. d4 Nf6 2. Nf3 g6 3. c4 Bg7 4. Nc3 O-O 5. e4 d6 6. Be2 e5 7. dxe5 dxe5 8. Qxd8 Rxd8 9. Bg5 Nbd7 10. O-O-O Rf8 11. Nd5 c6 12. Ne7+ Kh8 13. Be3 Re8 14. Nxc8 Raxc8 15. g4 Rc7 16. Nd2 Bf8 17. g5 Nh5 18. Bxh5 gxh5 19. Nb3 Be7 20. Rhg1 b6 21. Rg3 Kg7 22. Rf3 Nf8 23. Rf5 Ng6 24. c5 b5 25. Rf3 Rd8 26. Rxd8 Bxd8 27. Rg3 Rd7 28. Kc2 a5 29. Rg1 a4 30. Nc1 Bc7 31. Nd3 Ba5 32. f4 exf4 33. Nxf4 Nxf4 34. Bxf4 Kg6 35. Bd6 Bc7 36. e5 Bd8 37. h4 Kf5 38. Kd3 Rb7 39. Ke3 b4 40. b3 a3 41. Kf3 Ke6 42. Ke4 Rb5 43. Rc1 Rb7 44. Rf1 Ba5 45. Rf6+ Kd7 46. Rxf7+ Kc8 47. Rxb7 Kxb7 48. e6 Kc8 49. Kf5 Kd8 50. g6 hxg6+ 51. Kxg6 Ke8 52. Kxh5 Bd8 53. Kg4 Bf6 54. h5 Bd4 55. Kf5 Bh8 56. Kg6 Bc3 57. Kh7 Bd2 58. h6 Bc1 59. Kg7 Bb2+ 60. Kg8 1-0


[Site "https://www.chess.com"]

[Event "Titled Tuesday Blitz May 24 Late 2022"]
[White "Terry, Renato"]
[Black "Csonka, Balazs"]
[WhiteFideId "3803457"]
[BlackFideId "742910"]
[WhiteElo "2577"]
[BlackElo "2404"]
[Result "1-0"]
[Round "07"]
[TimeControl "180+1"]
[Date "2022.05.24"]
[WhiteClock "0:00:49"]
[BlackClock "0:00:06"]

1. d4 Nf6 2. Bg5 Ne4 3. Bf4 d5 4. Nd2 Bf5 5. Ngf3 e6 6. h3 c5 7. c3 Nc6 8. e3 h6 9. Qb3 Qb6 10. Qxb6 axb6 11. Bc7 c4 12. Bxb6 Kd7 13. Nxe4 Bxe4 14. Ne5+ Nxe5 15. dxe5 Kc6 16. Bd4 b5 17. f3 Bg6 18. Be2 b4 19. Kf2 Bc5 20. cxb4 Bxb4 21. Rhc1 Rhb8 22. g4 Be7 23. b3 Ba3 24. Rg1 cxb3 25. axb3 Rxb3 26. h4 Rbb8 27. h5 Bh7 28. g5 hxg5 29. Rxg5 Bf8 30. Rgg1 Kd7 31. Bb5+ Kd8 32. Bb6+ Ke7 33. Bc5+ Kd8 34. Rxa8 Rxa8 35. Bxf8 1-0


[Site "https://www.chess.com"]

[Event "Titled Tuesday Blitz May 24 Late 2022"]
[White "Toncheva, Nadya"]
[Black "Ivanisevic, Ivan"]
[WhiteFideId "2924056"]
[BlackFideId "912417"]
[WhiteElo "1888"]
[BlackElo "2495"]
[Result "0-1"]
[Round "07"]
[TimeControl "180+1"]
[Date "2022.05.24"]
[WhiteClock "0:00:08"]
[BlackClock "0:01:09"]

1. e4 c5 2. Nf3 d6 3. d4 cxd4 4. Nxd4 Nf6 5. f3 Nc6 6. c4 g6 7. Be3 Bg7 8. Nc3 O-O 9. Be2 Nh5 10. Qd2 Nxd4 11. Bxd4 Bxd4 12. Qxd4 Nf4 13. O-O e5 14. Qf2 Bh3 15. Nd5 Bxg2 16. Nxf4 Bxf1 17. Nd5 Bxe2 18. Qxe2 f5 19. Kh1 Qh4 20. exf5 Rxf5 21. Rg1 Raf8 22. Rg4 Qd8 23. Qg2 Kh8 24. f4 exf4 25. Qh3 Qe8 26. Qc3+ Qe5 27. Qf3 Re8 28. Rh4 Qe1+ 29. Kg2 Qxh4 0-1


[Site "https://www.chess.com"]

[Event "Titled Tuesday Blitz May 24 Late 2022"]
[White "Tristan, Leonardo"]
[Black "Can, Melih Kaan"]
[WhiteFideId "113816"]
[BlackFideId "6317383"]
[WhiteElo "2404"]
[BlackElo "2049"]
[Result "1-0"]
[Round "07"]
[TimeControl "180+1"]
[Date "2022.05.24"]
[WhiteClock "0:02:43"]
[BlackClock "0:02:29"]

1. d4 d5 2. Nf3 Nf6 3. Bf4 c5 4. e3 Nc6 5. Nbd2 e6 6. c3 Bd6 7. Bg3 O-O 8. Bb5 a6 9. Bxc6 bxc6 10. Qa4 Bxg3 11. hxg3 Qb6 12. Qa3 cxd4 13. cxd4 c5 14. dxc5 Qxc5 15. Qxc5 1-0


[Site "https://www.chess.com"]

[Event "Titled Tuesday Blitz May 24 Late 2022"]
[White "Vasquez Schroeder, Rodrigo"]
[Black "Paravyan, David"]
[WhiteFideId "3400042"]
[BlackFideId "4194985"]
[WhiteElo "2567"]
[BlackElo "2569"]
[Result "1/2-1/2"]
[Round "07"]
[TimeControl "180+1"]
[Date "2022.05.24"]
[WhiteClock "0:00:29"]
[BlackClock "0:00:35"]

1. e4 e5 2. Nf3 Nf6 3. d4 Nxe4 4. Bd3 d5 5. Nxe5 Nd7 6. Nxd7 Bxd7 7. O-O Bd6 8. Nc3 Nxc3 9. bxc3 h5 10. h3 Qf6 11. Re1+ Kf8 12. Rb1 b6 13. Be3 Bf5 14. Qf3 Bxd3 15. Qxf6 gxf6 16. cxd3 Re8 17. g3 Kg7 18. Kg2 Kg6 19. Kf3 Re6 20. Bf4 Rhe8 21. Re3 Bxf4 22. Kxf4 Rd8 23. Rbe1 Rdd6 24. R1e2 Rc6 25. Rc2 b5 26. Kf3 Red6 27. a3 a5 28. Ree2 Re6 29. Re3 f5 30. Ke2 b4 31. axb4 axb4 32. c4 b3 33. Rb2 dxc4 34. dxc4 Rxc4 35. Rxb3 Rxd4 36. Rc3 Rd7 37. Kf3 Kf6 38. Rc5 Rxe3+ 39. Kxe3 Kg5 40. h4+ Kg6 41. Kf4 Rd4+ 42. Ke3 Re4+ 43. Kf3 Re7 44. Kf4 f6 45. Rxf5 Re2 46. Rc5 Rxf2+ 47. Ke3 Rf5 48. Rxc7 Re5+ 49. Kf4 Ra5 50. Rc4 Rb5 51. Rd4 Rb1 52. g4 Rf1+ 53. Kg3 Rg1+ 54. Kf3 Rf1+ 55. Kg3 Re1 56. gxh5+ Kxh5 57. Rf4 Kg6 58. Kg4 f5+ 59. Kg3 Re3+ 60. Kf2 Ra3 61. Kg2 Kf6 62. Rb4 Ke5 63. Kf2 f4 64. Rb5+ Ke4 65. Rb4+ Kf5 66. Rb8 Kg4 67. Rg8+ Kxh4 68. Rg7 Rb3 69. Rg8 Rc3 70. Rg7 Ra3 71. Rg8 Rb3 72. Rg7 Rg3 73. Rxg3 fxg3+ 74. Kg2 Kg4 75. Kg1 Kf5 76. Kg2 Kf4 77. Kg1 Kg4 78. Kg2 Kh4 79. Kg1 Kh5 80. Kg2 Kg4 81. Kg1 Kh3 82. Kh1 g2+ 83. Kg1 Kg3 1/2-1/2


[Site "https://www.chess.com"]

[Event "Titled Tuesday Blitz May 24 Late 2022"]
[White "Veiga, Emerson de Sousa"]
[Black "Shapiro, Daniel"]
[WhiteFideId "2151898"]
[BlackFideId "2001780"]
[WhiteElo "2034"]
[BlackElo "2263"]
[Result "0-1"]
[Round "07"]
[TimeControl "180+1"]
[Date "2022.05.25"]
[WhiteClock "0:00:01"]
[BlackClock "0:00:06"]

1. e4 c5 2. Nf3 e6 3. d4 cxd4 4. Nxd4 a6 5. Nc3 Qc7 6. Bd3 Bd6 7. h3 Nf6 8. O-O Bh2+ 9. Kh1 Bf4 10. Qf3 Bxc1 11. Raxc1 d6 12. Rce1 Nbd7 13. Qe2 b5 14. f4 b4 15. e5 bxc3 16. exf6 Nxf6 17. f5 e5 18. bxc3 O-O 19. Nf3 Bb7 20. Nd2 Qxc3 21. Ne4 Bxe4 22. Bxe4 d5 23. Bd3 e4 24. Bxa6 Ra7 25. a4 d4 26. Bb5 Re7 27. Qf2 Nd5 28. Qh4 Qxc2 29. f6 Nxf6 30. Rc1 Qd2 31. Rc6 Re6 32. Rxe6 fxe6 33. Bc4 Re8 34. Rxf6 gxf6 35. Qg4+ Kf7 36. Bb5 Rg8 37. Qxe4 Qd1+ 0-1


[Site "https://www.chess.com"]

[Event "Titled Tuesday Blitz May 24 Late 2022"]
[White "Villiers, Thomas"]
[Black "Winkels, Marcel"]
[WhiteFideId "427209"]
[BlackFideId "1003887"]
[WhiteElo "2164"]
[BlackElo "1900"]
[Result "0-1"]
[Round "07"]
[TimeControl "180+1"]
[Date "2022.05.25"]
[WhiteClock "0:00:24"]
[BlackClock "0:00:40"]

1. c4 Nf6 2. Nc3 g6 3. g3 Bg7 4. Bg2 c6 5. e4 O-O 6. Nge2 e5 7. d3 d6 8. O-O Be6 9. h3 Qc8 10. Kh2 Na6 11. Be3 Nc7 12. f4 Rd8 13. f5 gxf5 14. exf5 Bxf5 15. g4 Be6 16. Ng3 d5 17. Bg5 Nce8 18. cxd5 cxd5 19. Rc1 Qd7 20. Qf3 Rac8 21. Nh5 Nxh5 22. Bxd8 Rxd8 23. gxh5 h6 24. Qg3 Nf6 25. Rxf6 Kh8 26. Rff1 e4 27. dxe4 d4 28. Nd5 d3 29. Rc7 Qb5 30. Kh1 d2 31. Rd1 Qxb2 32. Qe3 Qe5 33. Re7 Rxd5 34. Rxd2 Rxd2 35. Qxd2 Qa1+ 36. Kh2 Be5+ 37. Qf4 Bxf4# 0-1


[Site "https://www.chess.com"]

[Event "Titled Tuesday Blitz May 24 Late 2022"]
[White "Vujic, Mihailo"]
[Black "Jeet, Jain"]
[WhiteFideId "918873"]
[BlackFideId "5073022"]
[WhiteElo "2256"]
[BlackElo "2028"]
[Result "1-0"]
[Round "07"]
[TimeControl "180+1"]
[Date "2022.05.25"]
[WhiteClock "0:00:16"]
[BlackClock "0:00:22"]

1. e4 c6 2. d4 d5 3. Nc3 g6 4. Nf3 Bg7 5. Bf4 Bg4 6. h3 Bxf3 7. Qxf3 e6 8. O-O-O Nd7 9. exd5 cxd5 10. Nxd5 Rc8 11. Nc3 Ngf6 12. Bd6 Qb6 13. Ba3 Bf8 14. Bxf8 Kxf8 15. Bd3 Kg7 16. g4 Qa5 17. h4 h5 18. g5 Ne8 19. d5 e5 20. Rhe1 Nd6 21. Kb1 b5 22. Ne4 Nf5 23. Nf6 Nd4 24. Qe4 Nxf6 25. gxf6+ Kh7 26. Qxe5 Nf3 27. Qe7 Rhf8 28. Re3 Nd2+ 29. Ka1 Nc4 30. Bxg6+ Kh8 31. Bd3 Nxe3 32. Qxe3 1-0


[Site "https://www.chess.com"]

[Event "Titled Tuesday Blitz May 24 Late 2022"]
[White "Wachinger, Guenther"]
[Black "Peralta, Eduardo"]
[WhiteFideId "4604261"]
[BlackFideId "3700062"]
[WhiteElo "2212"]
[BlackElo "2125"]
[Result "0-1"]
[Round "07"]
[TimeControl "180+1"]
[Date "2022.05.25"]
[WhiteClock "0:00:05"]
[BlackClock "0:00:21"]

1. e4 c5 2. Nf3 Nc6 3. d4 cxd4 4. Nxd4 Nf6 5. Nc3 d6 6. Ndb5 a6 7. Nd4 e5 8. Nf3 Be7 9. h3 O-O 10. Be3 Be6 11. Qd2 b5 12. Ng5 h6 13. Nxe6 fxe6 14. g4 d5 15. exd5 exd5 16. Bg2 Bb4 17. a3 Bxc3 18. Qxc3 Rc8 19. O-O-O Nd4 20. Qd3 Nxc2 21. Kb1 Nxe3 22. Qxe3 e4 23. f3 Qc7 24. Rc1 Qg3 25. Rhg1 Rxc1+ 26. Kxc1 d4 27. Qxd4 exf3 28. Bh1 Qxh3 29. Qe3 Nh7 30. Qf2 Ng5 31. Rd1 Qxg4 32. Kb1 Qe4+ 33. Ka1 Qe2 34. Qd4 f2 35. Bd5+ Kh8 36. Bg2 f1=Q 37. Bxf1 Rxf1 38. Qd8+ Kh7 39. Rxf1 Qxf1+ 40. Ka2 Qc4+ 41. Ka1 Ne4 42. Qf8 Qe6 43. Qf4 Nf6 44. Qd2 Qe4 45. Qc3 h5 46. Qg3 h4 47. Qg5 Qg4 48. Qd2 h3 49. Qc2+ Kh6 50. Qh2 Qd1+ 51. Ka2 Qd5+ 52. Ka1 Qf5 53. Qd2+ Kh7 54. Qh2 Qg4 55. Ka2 Qg2 56. Qf4 h2 57. Qf5+ Kh8 58. Qc8+ Ng8 59. a4 h1=Q 60. axb5 axb5 61. Qc5 Qd5+ 62. Qxd5 Qxd5+ 63. Ka3 b4+ 64. Kxb4 Nf6 65. Ka3 Ne4 66. b3 Qc5+ 67. Kb2 Qc3+ 68. Ka2 Nc5 69. b4 Qb3+ 70. Ka1 Na4 71. b5 Qb2# 0-1


[Site "https://www.chess.com"]

[Event "Titled Tuesday Blitz May 24 Late 2022"]
[White "Wachinger, Nikolas"]
[Black "Antonio, Jorge Carlos"]
[WhiteFideId "12962791"]
[BlackFideId "113190"]
[WhiteElo "2227"]
[BlackElo "2247"]
[Result "1-0"]
[Round "07"]
[TimeControl "180+1"]
[Date "2022.05.25"]
[WhiteClock "0:01:12"]
[BlackClock "0:01:32"]

1. d4 d5 2. Nf3 c6 3. Bf4 Nf6 4. e3 g6 5. c4 Bg7 6. Nc3 Bg4 7. h3 Bxf3 8. Qxf3 e6 9. Bd3 Nbd7 10. O-O O-O 11. Rad1 Nh5 12. Bd6 Re8 13. e4 dxe4 14. Nxe4 Ndf6 15. Be5 Nxe4 16. Bxe4 Nf6 17. Bc2 Nd7 18. Bg3 Qf6 19. Qb3 b6 20. Be4 Rac8 21. Qa4 Nb8 22. Qxa7 Nd7 23. Qxd7 Red8 24. Qa7 Ra8 25. Qxb6 Rab8 26. Bxb8 1-0


[Site "https://www.chess.com"]

[Event "Titled Tuesday Blitz May 24 Late 2022"]
[White "Wieczorek, Oskar"]
[Black "Hansen, Eric"]
[WhiteFideId "1133950"]
[BlackFideId "2606771"]
[WhiteElo "2330"]
[BlackElo "2568"]
[Result "0-1"]
[Round "07"]
[TimeControl "180+1"]
[Date "2022.05.24"]
[WhiteClock "0:01:54"]
[BlackClock "0:02:14"]

1. e4 e5 2. Nf3 Nc6 3. Nc3 Nf6 4. h3 d6 5. d4 Be7 6. d5 Nb8 7. Be3 c6 8. Bc4 b5 9. Bb3 b4 10. Na4 Bb7 11. Bg5 Nbd7 12. c4 Nxe4 13. Bxe7 Qxe7 14. Qe2 Nec5 15. Nxc5 Nxc5 16. dxc6 Bxc6 17. O-O O-O 18. Nd4 Be4 19. Nc2 Bd3 0-1


[Site "https://www.chess.com"]

[Event "Titled Tuesday Blitz May 24 Late 2022"]
[White "Yaksin, Oleg"]
[Black "Ribeiro, Matheus Mendes Domingues"]
[WhiteFideId "24105880"]
[BlackFideId "324226923"]
[WhiteElo "2256"]
[BlackElo "1919"]
[Result "1-0"]
[Round "07"]
[TimeControl "180+1"]
[Date "2022.05.25"]
[WhiteClock "0:00:22"]
[BlackClock "0:00:04"]

1. d4 d5 2. c4 e6 3. Nf3 Nf6 4. g3 Be7 5. Bg2 O-O 6. O-O dxc4 7. Qc2 a6 8. a4 Bd7 9. Rd1 Bc6 10. Nc3 Bxf3 11. Bxf3 Nc6 12. Bxc6 bxc6 13. Bg5 Rb8 14. a5 Bb4 15. Ne4 Be7 16. Bxf6 Bxf6 17. Qxc4 Rxb2 18. Qxa6 Qd5 19. Nc3 Qb3 20. Rd3 c5 21. Nd1 Qb7 22. Qc4 Rb1 23. Rxb1 Qxb1 24. Qxc5 Qa2 25. Qxc7 Qxe2 26. Qc3 h5 27. Ne3 Rb8 28. Rd1 Qa6 29. h4 Rc8 30. Qd3 Qxa5 31. d5 exd5 32. Nxd5 Qd8 33. Qf5 Rc5 34. Nxf6+ Qxf6 35. Qxc5 1-0


[Site "https://www.chess.com"]

[Event "Titled Tuesday Blitz May 24 Late 2022"]
[White "Yuan, Qingyu"]
[Black "Romanchuk, Viktor"]
[WhiteFideId "8609772"]
[BlackFideId "14109271"]
[WhiteElo "2359"]
[BlackElo "2242"]
[Result "1/2-1/2"]
[Round "07"]
[TimeControl "180+1"]
[Date "2022.05.24"]
[WhiteClock "0:00:04"]
[BlackClock "0:00:22"]

1. e4 e6 2. d4 d5 3. e5 c5 4. c3 Nc6 5. Nf3 Bd7 6. Be2 f6 7. exf6 Nxf6 8. Bf4 Qb6 9. b3 cxd4 10. cxd4 Bb4+ 11. Kf1 O-O 12. a3 Be7 13. Nc3 Ne4 14. Na4 Qd8 15. Be3 Na5 16. Nc5 Bxc5 17. dxc5 Nc3 18. Qc2 Nxe2 19. Qxe2 Nxb3 20. Rb1 Na5 21. h4 a6 22. Kg1 Bb5 23. Qc2 Nc4 24. Ng5 g6 25. Nxe6 Nxe3 26. fxe3 Qe7 27. Nxf8 Qxe3+ 28. Qf2 Qd3 29. Re1 Rxf8 30. Qe3 Qxe3+ 31. Rxe3 d4 32. Re5 Rf4 33. h5 Bc6 34. hxg6 hxg6 35. Rh3 Rg4 36. Re2 Rg5 37. Rd2 Kg7 38. Rhd3 Rxc5 39. Rxd4 Rc3 40. R4d3 Rc5 41. Rf2 Rc1+ 42. Kh2 Rc5 43. Re3 Rh5+ 44. Kg1 Rc5 45. Re7+ Kh6 46. Rf6 Rc1+ 47. Kf2 Rc2+ 48. Re2 Rxe2+ 49. Kxe2 Bxg2 50. Ke3 Kg5 51. Rf2 Bc6 52. Ra2 Kf5 53. Rf2+ Ke5 54. Rf1 g5 55. Rg1 Kf5 56. Rf1+ 1/2-1/2


[Site "https://www.chess.com"]

[Event "Titled Tuesday Blitz May 24 Late 2022"]
[White "Yurovskykh, Oleksandr"]
[Black "Boder, Jan"]
[WhiteFideId "14134020"]
[BlackFideId "16243226"]
[WhiteElo "2292"]
[BlackElo "2064"]
[Result "0-1"]
[Round "07"]
[TimeControl "180+1"]
[Date "2022.05.25"]
[WhiteClock "0:01:41"]
[BlackClock "0:01:31"]

1. d4 Nf6 2. Nf3 g6 3. c4 c5 4. dxc5 Na6 5. a3 Nxc5 6. b4 Nce4 7. Bb2 Bg7 8. g3 Nxf2 9. Bxf6 Bxf6 10. Kxf2 Bxa1 11. e4 d6 12. Nbd2 Bf6 13. Bd3 Qb6+ 14. Ke2 O-O 15. Qg1 Bg4 16. Qg2 a5 17. b5 Bg5 18. Nf1 f5 0-1


[Site "https://www.chess.com"]

[Event "Titled Tuesday Blitz May 24 Late 2022"]
[White "Zakhartsov, Vladimir"]
[Black "Yang, Kaiqi"]
[WhiteFideId "4145097"]
[BlackFideId "8604398"]
[WhiteElo "2428"]
[BlackElo "2373"]
[Result "1-0"]
[Round "07"]
[TimeControl "180+1"]
[Date "2022.05.24"]
[WhiteClock "0:00:45"]
[BlackClock "0:00:02"]

1. c4 Nf6 2. Nc3 g6 3. g3 Bg7 4. Bg2 O-O 5. Nf3 d6 6. O-O c5 7. a3 Nc6 8. Rb1 a5 9. d3 Bd7 10. Bd2 Qc8 11. Ne1 Bh3 12. Nc2 h5 13. b4 axb4 14. axb4 cxb4 15. Nxb4 Nxb4 16. Rxb4 Bxg2 17. Kxg2 h4 18. Qb3 h3+ 19. Kg1 Qc6 20. f3 Nd7 21. Nd5 Rfe8 22. Be3 e6 23. Nf4 Nc5 24. Bxc5 Qxc5+ 25. Kh1 Qe3 26. Qc2 Ra7 27. Nxh3 Rea8 28. Nf4 Ra2 29. Qc1 Qc5 30. Rb5 Qc6 31. Qe3 Bh6 32. Rfb1 Ra1 33. Qg1 Rxb1 34. Qxb1 Bxf4 35. gxf4 Ra3 36. Rxb7 Qa6 37. Qb2 Ra1+ 38. Kg2 e5 39. fxe5 Ra2 40. Rb8+ Kg7 41. Qd4 Rxe2+ 42. Kg3 dxe5 43. Qh4 f5 44. Qh8+ Kf7 45. Qh7+ Kf6 46. Rf8+ 1-0


[Site "https://www.chess.com"]

[Event "Titled Tuesday Blitz May 24 Late 2022"]
[White "Zherebtsova, Alexandra"]
[Black "Curtis, John"]
[WhiteFideId "24129518"]
[BlackFideId "3200256"]
[WhiteElo "2025"]
[BlackElo "2203"]
[Result "1-0"]
[Round "07"]
[TimeControl "180+1"]
[Date "2022.05.25"]
[WhiteClock "0:00:27"]
[BlackClock "0:00:39"]

1. d4 Nf6 2. Nf3 e6 3. c4 Bb4+ 4. Nbd2 O-O 5. a3 Be7 6. e4 d6 7. b4 a5 8. Bb2 axb4 9. axb4 Rxa1 10. Qxa1 d5 11. e5 Ne4 12. c5 Nxd2 13. Nxd2 f6 14. Bd3 fxe5 15. dxe5 b6 16. Qd1 Qe8 17. Nb3 Na6 18. O-O bxc5 19. bxc5 Nb4 20. Bb1 Bd7 21. Bc3 Na6 22. Qd3 g6 23. Qxa6 Bb5 24. Qxe6+ Kh8 25. Re1 Qf7 26. Qxf7 Rxf7 27. e6+ Rf6 1-0


[Site "https://www.chess.com"]

[Event "Titled Tuesday Blitz May 24 Late 2022"]
[White "Zhigalko, Sergei"]
[Black "Darini, Pouria"]
[WhiteFideId "13502956"]
[BlackFideId "12502200"]
[WhiteElo "2662"]
[BlackElo "2483"]
[Result "1-0"]
[Round "07"]
[TimeControl "180+1"]
[Date "2022.05.24"]
[WhiteClock "0:01:43"]
[BlackClock "0:01:00"]

1. e4 c5 2. Nf3 d6 3. d4 cxd4 4. Qxd4 Nc6 5. Bb5 Bd7 6. Bxc6 Bxc6 7. Nc3 Nf6 8. Bg5 e6 9. O-O-O Be7 10. Rhe1 O-O 11. Kb1 Qa5 12. Qd2 Qa6 13. Nd4 Rfd8 14. f3 Be8 15. g4 b5 16. Nce2 b4 17. Ng3 Qa5 18. h4 h6 19. Be3 Nh7 20. g5 hxg5 21. hxg5 Bxg5 22. Rh1 Rac8 23. Rxh7 Kxh7 24. Bxg5 f6 25. Bxf6 gxf6 26. Rh1+ Kg8 27. Qh6 Qg5 28. Qh7+ 1-0


[Site "https://www.chess.com"]

[Event "Titled Tuesday Blitz May 24 Late 2022"]
[White "Zhurbinsky, David"]
[Black "Janturin, Artur"]
[WhiteFideId "2072904"]
[BlackFideId "4130022"]
[WhiteElo "2557"]
[BlackElo "2416"]
[Result "1-0"]
[Round "07"]
[TimeControl "180+1"]
[Date "2022.05.25"]
[WhiteClock "0:00:03"]
[BlackClock "0:00:01"]

1. e4 a6 2. d4 b5 3. c4 Bb7 4. d5 e6 5. cxb5 Qh4 6. Nc3 Bb4 7. Bd3 exd5 8. Nf3 Qe7 9. O-O Bxc3 10. bxc3 dxe4 11. bxa6 Nxa6 12. Rb1 Nc5 13. Rxb7 Nxb7 14. Bxe4 O-O-O 15. Bxb7+ Kxb7 16. Qb3+ Kc8 17. Bg5 Nf6 18. Rb1 d5 19. Nd4 Qc5 20. h3 h6 21. Bh4 Kd7 22. Nf5 g5 23. Bg3 Ne4 24. Qa4+ Ke6 25. Nd4+ Kf6 26. Bh2 Rb8 27. Re1 Qxc3 28. Nc6 Ra8 29. Qd1 Kg6 30. Ne5+ Kg7 31. Ng4 Qc4 32. Be5+ 1-0


[Site "https://www.chess.com"]

[Event "Titled Tuesday Blitz May 24 Late 2022"]
[White "Andreikin, Dmitry"]
[Black "Zhigalko, Sergei"]
[WhiteFideId "4158814"]
[BlackFideId "13502956"]
[WhiteElo "2736"]
[BlackElo "2662"]
[Result "0-1"]
[Round "08"]
[TimeControl "180+1"]
[Date "2022.05.24"]
[WhiteClock "0:00:17"]
[BlackClock "0:00:04"]

1. d4 Nf6 2. c4 e6 3. Nf3 b6 4. a3 Bb7 5. Nc3 d5 6. cxd5 Nxd5 7. e3 Be7 8. Bb5+ c6 9. Bd3 c5 10. e4 Nxc3 11. bxc3 O-O 12. O-O Nd7 13. Qe2 Qc7 14. a4 Rfd8 15. h3 Rac8 16. Bb2 Nf6 17. Rfe1 Qf4 18. Ne5 Nd7 19. Bc1 Qh4 20. Nf3 Qh5 21. a5 cxd4 22. a6 Ba8 23. cxd4 Bb4 24. Bd2 Bxd2 25. Qxd2 Nf6 26. Qf4 h6 27. Rac1 Qa5 28. e5 Nd5 29. Qe4 g6 30. Qh4 Kg7 31. Be4 Qxa6 32. Nh2 g5 33. Qg3 Rxc1 34. Rxc1 Nf4 35. Re1 Bxe4 36. Rxe4 Rxd4 37. Re1 Ne2+ 38. Rxe2 Rd1+ 39. Nf1 Qxe2 0-1


[Site "https://www.chess.com"]